 Dungeon Crawl Stone Soup version 0.21.0-24-g2553a33 (webtiles) character file.

408 wojtek the Reanimator (level 7, -3/36 HPs)
             Began as a Kobold Necromancer on Jan 20, 2018.
             Killed from afar by an orc wizard (7 damage)
             ... with a magic dart
             ... on level 7 of the Dungeon.
             The game lasted 00:09:38 (6097 turns).

wojtek the Reanimator (Kobold Necromancer)          Turns: 6097, Time: 00:09:39

Health: -3/36      AC:  3    Str:  5    XL:     7   Next: 13%
Magic:  10/10      EV: 15    Int: 18    God:
Gold:   181        SH:  0    Dex: 16    Spells: 9/10 levels left

rFire    . . .     SeeInvis .   p - +3 dagger (speed)
rCold    . . .     Gourm    .   (shield restricted)
rNeg     . . .     Faith    .   a - +0 robe
rPois    .         Spirit   .   g - +0 helmet
rElec    .         Reflect  .   (no cloak)
rCorr    .         Harm     .   (no gloves)
MR       .....                  (no boots)
Stlth    ++........             l - amulet of magic regeneration
HPRegen  0.12/turn              (no ring)
MPRegen  0.37/turn              (no ring)

@: no status effects
A: small, carnivore
a: no special abilities


You were on level 7 of the Dungeon.
You were very full.

You visited 1 branch of the dungeon, and saw 5 of its levels.

You collected 181 gold pieces.

Inventory:

Hand Weapons
 p - a +3 dagger of speed (weapon)
Missiles
 d - 8 tomahawks (quivered)
Armour
 a - a +0 robe (worn)
 g - a +0 helmet (worn)
 w - a +0 helmet
Jewellery
 l - an amulet of magic regeneration (around neck)
Wands
 k - a wand of acid (24)
Scrolls
 e - a scroll of identify
 n - 2 scrolls of fear
 u - 2 scrolls of remove curse
Potions
 f - a potion of heal wounds {unknown}
 h - 4 potions of cancellation
 i - a potion of berserk rage {unknown}
 j - a potion of agility {unknown}
 m - 2 potions of brilliance {unknown}
 o - a potion of resistance {unknown}
 q - 2 potions of curing
 v - 2 potions of ambrosia {unknown}
Books
 b - a book of Necromancy

   Spells                             Type                      Level
   a - Pain                           Necromancy                   1
   b - Animate Skeleton               Necromancy                   1
   c - Vampiric Draining              Necromancy                   3
   d - Regeneration                   Charms/Necromancy            3
   e - Animate Dead                   Necromancy                   4
   f - Borgnjor's Vile Clutch         Necromancy/Earth             5
Comestibles
 c - 10 rations


   Skills:
 - Level 2.4 Dodging
 - Level 2.6 Stealth
 - Level 2.1 Spellcasting
 + Level 8.0 Necromancy


You had 9 spell levels left.
You knew the following spells:

 Your Spells              Type           Power        Failure   Level  Hunger
a - Pain                  Necr           ####         1%          1    #......


Dungeon Overview and Level Annotations

Branches:
Dungeon (4/15)
 Temple: D:4-7

Altars:
Elyvilon
Sif Muna

Annotations:
D:2 Sigmund
D:3 exclusion: goblin, Grinder


Innate Abilities, Weirdness & Mutations

You are small and have problems with some larger weapons.
You are carnivorous and can eat meat at any time.


Message History

The orc wizard barely misses you.
The orc priest hits you with a falchion.
A kobold comes into view.
You hit the kobold but do no damage. The orc wizard hits you with a dagger.
The kobold hits you but does no damage.
The orc priest hits you but does no damage.
A crimson imp comes into view.
The orc wizard gestures at you while chanting.
The magic dart hits you!
* * * LOW HITPOINT WARNING * * *
The orc priest hits you with a short sword.
* * * LOW HITPOINT WARNING * * *
The orc wizard barely misses you.
A centaur comes into view.
The centaur shouts!
The centaur wields a shortbow.
The centaur shoots an arrow.
The arrow barely misses you. The orc wizard casts a spell at you.
The magic dart hits you!
You die...

#..#. ... #%.#.#..#
###.....K.# #
.......... .#
#.....< ... #...#
.... #.o.# ......
#...###.....#
#######..Ko@......#
..........o.....5.#
.................#.
...............(...
...####....#.##.#.#
.. #...........$ .
#...########c
.######...#
..........#


You could see a centaur, 2 orc priests, an orc wizard, a crimson imp (wandering)
and a kobold.

Vanquished Creatures
  A bullfrog skeleton (D:7)
  An iguana (D:7)
  Ijyb (D:4)
  Terence (D:2)
  2 orc wizards (D:3)
  2 worker ants (D:4)
  Robin (D:3)
  5 adders
  2 adder skeletons (D:4)
  5 worms
  12 dart slugs
  2 leopard geckos
  2 orcs (D:3)
  4 giant cockroaches
  16 goblins
  7 hobgoblins
  10 jackals
  8 kobolds (D:2)
  2 quokkas (D:2)
  2 ball pythons
  8 bats
  6 frilled lizards
  4 rats
104 creatures vanquished.

Vanquished Creatures (others)
  A plant (D:2)
1 creature vanquished.

Grand Total: 105 creatures vanquished

Notes
Turn   | Place    | Note
-------+----------+-------------------------------------------
     0 | D:1      | wojtek the Kobold Necromancer began the quest for the Orb.
     0 | D:1      | Reached XP level 1. HP: 10/10 MP: 3/3
   661 | D:1      | Reached XP level 2. HP: 14/15 MP: 1/5
  1275 | D:1      | Reached XP level 3. HP: 19/19 MP: 4/6
  1584 | D:1      | Reached skill level 5 in Necromancy
  1896 | D:2      | Found a white marble altar of Elyvilon.
  2587 | D:2      | Reached XP level 4. HP: 20/24 MP: 4/7
  2601 | D:2      | Noticed Terence
  2654 | D:2      | Killed Terence
  3129 | D:2      | Reached skill level 6 in Necromancy
  3129 | D:2      | Reached XP level 5. HP: 26/28 MP: 4/8
  4084 | D:2      | Noticed Sigmund
  4664 | D:3      | Noticed Robin
  4691 | D:3      | Killed Robin
  4959 | D:3      | Reached XP level 6. HP: 30/32 MP: 5/9
  4982 | D:3      | Noticed Grinder
  5525 | D:3      | Found a deep blue altar of Sif Muna.
  5534 | D:3      | Reached skill level 7 in Necromancy
  5629 | D:4      | Noticed Ijyb
  5635 | D:4      | Killed Ijyb
  5720 | D:4      | Noticed a slave
  5721 | D:4      | Noticed a slave
  5721 | D:4      | Noticed a slave
  5823 | D:4      | You fall through a shaft for 3 floors!
  5832 | D:7      | Reached XP level 7. HP: 18/36 MP: 5/10
  5847 | D:7      | Reached skill level 8 in Necromancy
  6097 | D:7      | Killed from afar by an orc wizard

Skill      XL: |  1  2  3  4  5  6  7 |
---------------+----------------------+-----
Necromancy     | 5 6 7 8 |  8.0
Dodging        | |  2.4
Stealth        | |  2.6
Spellcasting   | |  2.1

Action                   |  1- 3 |  4- 6 |  7- 9 || total
-------------------------+-------+-------+-------++-------
Melee: Unarmed           |     6 |       |       ||     6
       Dagger            |       |   105 |    16 ||   121
 Cast: Pain              |    77 |   123 |     1 ||   201
  Use: Scroll            |       |     4 |       ||     4
       Potion            |       |     2 |       ||     2
 Stab: Sleeping          |       |     1 |       ||     1
  Eat: Chunk             |    14 |    11 |     1 ||    26
Armor: Robe              |     9 |    14 |     4 ||    27
Dodge: Dodged            |    31 |   102 |     8 ||   141
